 Dungeon Crawl Stone Soup version 0.24-a0-201-gf205589 (console) character file.

Game seed: 5460142644346552747

123 bli the Slasher (level 4, -7/41 HPs)
             Began as a Minotaur Monk on Mar 23, 2019.
             Mangled by Crazy Yiuf
             ... wielding a +4 quarterstaff of chaos
              (15 damage)
             ... on level 3 of the Dungeon.
             The game lasted 00:04:57 (2019 turns).

bli the Slasher (Minotaur Monk)                     Turns: 2019, Time: 00:04:57

Health: -7/41      AC:  3    Str: 15    XL:     4   Next: 79%
Magic:  3/3        EV: 14    Int:  7    God:
Gold:   40         SH:  0    Dex: 14    Spells: 3/3 levels left

rFire    . . .     SeeInvis .   a - +0 falchion
rCold    . . .     Gourm    .   (no shield)
rNeg     . . .     Faith    .   b - +0 robe
rPois    .         Spirit   .   (helmet restricted)
rElec    .         Reflect  .   t - +0 cloak
rCorr    .         Harm     .   (no gloves)
MR       .....                  (no boots)
Stlth    ++........             (no amulet)
HPRegen  0.13/turn              (no ring)
MPRegen  0.08/turn              (no ring)

@: lethally poisoned (-7 -> -12)
A: retaliatory headbutt, horns 2
a: no special abilities


You were on level 3 of the Dungeon.
You were not hungry.

You visited 1 branch of the dungeon, and saw 3 of its levels.

You collected 40 gold pieces.

Inventory:

Hand Weapons
 a - a +0 falchion (weapon)
 e - a +0 hunting sling
 h - a +0 hand axe of freezing
Missiles
 l - 128 stones (quivered)
 p - 13 sling bullets
Armour
 b - a +0 robe (worn)
 i - a +0 leather armour
 o - a +0 ring mail
 t - a +0 cloak (worn)
Scrolls
 k - 2 scrolls of remove curse {unknown}
 m - a scroll of amnesia {unknown}
 r - a scroll of noise {unknown}
 s - 3 scrolls of identify {unknown}
 v - a scroll of teleportation {unknown}
Potions
 d - a potion of lignification {unknown}
 f - a potion of curing {unknown}
 g - a potion of invisibility {unknown}
 j - a potion of heal wounds {unknown}
 n - 2 potions of ambrosia {unknown}
 q - 2 potions of brilliance {unknown}
Comestibles
 c - 4 rations
 u - 5 chunks of flesh


   Skills:
 + Level 4.5 Fighting
 * Level 5.1 Long Blades
 * Level 4.3 Dodging
 + Level 1.8 Stealth


You had 3 spell levels left.
You didn't know any spells.
Your spell library was empty.

Dungeon Overview and Level Annotations

Branches:
Dungeon (3/15)

Altars:

Annotations:
D:3 Crazy Yiuf


Innate Abilities, Weirdness & Mutations

You reflexively headbutt those who attack you in melee.
You have a pair of horns on your head.


Message History

You are poisoned.
You hit Crazy Yiuf. Your headbutt misses Crazy Yiuf.
Crazy Yiuf is heavily wounded.
You feel sick.
Crazy Yiuf hits you with a +4 quarterstaff of chaos!
Crazy Yiuf burns you.
* * * LOW HITPOINT WARNING * * *
You hit Crazy Yiuf.
Crazy Yiuf is heavily wounded.
You feel sick.
Crazy Yiuf sings, "Trees, trees, trees, circus!"
Crazy Yiuf closely misses you.
You closely miss Crazy Yiuf.
Crazy Yiuf is heavily wounded.
You feel sick. Crazy Yiuf barely misses you.
You hit Crazy Yiuf. Your headbutt misses Crazy Yiuf.
Crazy Yiuf is severely wounded.
You feel sick.
Crazy Yiuf hits you with a +4 quarterstaff of chaos!
You die...

##### #).)# #)))#
))) #g# ♣@♣♣ ♣♣)♣
♣)♣♣ ... .o ♣♣)♣
... #.. ♣♣)♣♣
#.###... ♣♣..)♣
#...... ♣..♣.♣
##.#.. #....#
#...#
#....###...#
#....[)....#
##.###...........


You could see Crazy Yiuf.

Vanquished Creatures
  An orc wizard (D:3)
  4 adders (D:2)
  A dart slug (D:2)
  6 leopard geckos
  3 orcs (D:3)
  4 bats
  8 giant cockroaches
  2 goblins
  3 hobgoblins
  4 jackals (D:3)
  A quokka (D:2)
  2 frilled lizards (D:2)
  7 kobolds
  6 rats
  A plant (D:1)
53 creatures vanquished.

Notes
Turn   | Place    | Note
-------+----------+-------------------------------------------
     0 | D:1      | bli the Minotaur Monk began the quest for the Orb.
     0 | D:1      | Reached XP level 1. HP: 19/19 MP: 0/0
   182 | D:1      | Reached XP level 2. HP: 27/27 MP: 1/1
   234 | D:1      | Reached skill level 4 in Long Blades
   495 | D:2      | Reached XP level 3. HP: 30/33 MP: 2/2
   900 | D:2      | Reached XP level 4. HP: 41/41 MP: 3/3
  1775 | D:3      | Reached skill level 5 in Long Blades
  2010 | D:3      | Found a runed translucent door.
  2011 | D:3      | Noticed Crazy Yiuf
  2019 | D:3      | Mangled by Crazy Yiuf

Levels and vault maps discovered:
D:1:      tarquinn_simple_flora_water_f, layout_rooms, lexackson_kobold_supper
D:2:      layout_basic
D:3:      minmay_wonky_spiral, layout_loops_ring,
          gammafunk_temple_overflow_elements, uniq_grinder,
          uniq_crazy_yiuf_cottage

Skill      XL: |  1  2  3  4 |
---------------+-------------+-----
Long Blades    | 4 5 |  5.1
Fighting       | 4 |  4.5
Dodging        | 4 |  4.3
Stealth        | |  1.8

Action                   |  1- 3 |  4- 6 || total
-------------------------+-------+-------++-------
Melee: Falchion          |   100 |    42 ||   142
       Headbutt          |    20 |     7 ||    27
 Stab: Sleeping          |     2 |     3 ||     5
  Eat: Chunk             |       |     4 ||     4
Armor: Robe              |    13 |    11 ||    24
Dodge: Dodged            |    71 |    47 ||   118
       Rpst.: Falchion   |    30 |     7 ||    37

Table legend:
 A = Non-vault XP
 B = Vault XP
 C = Vault XP percentage of total XP
 D = Non-vault monster count
 E = Vault monster count
 F = Vault count percentage of total count
                 A         B        C        D         E       F
            +---------+---------+-------+---------+---------+-------
      Total |     162 |      14 |   8.0 |      44 |       8 |  15.4
            +---------+---------+-------+---------+---------+-------
        D:1 |      23 |      14 |  37.8 |      12 |       8 |  40.0
        D:2 |      83 |       0 |   0.0 |      21 |       0 |   0.0
        D:3 |      56 |       0 |   0.0 |      11 |       0 |   0.0
            +---------+---------+-------+---------+---------+-------
